 Dungeon Crawl Stone Soup version 0.32-a0-893-gf85d74f360 (webtiles) character file.

Game seed: 16541783621460398030

305334 Doorstop00 the Slayer (level 20, -1/200 HPs)
             Began as a Minotaur Berserker on Mar 20, 2024.
             Was the Champion of Trog.
             Killed from afar by an ironbound thunderhulk (22 damage)
             ... with a bolt of lightning
             ... on level 4 of the Vaults on Apr 3, 2024.
             The game lasted 06:09:00 (45490 turns).

Doorstop00 the Slayer (Minotaur Berserker)         Turns: 45490, Time: 06:09:00

Health: -1/200     AC: 34    Str: 27    XL:     20   Next: 28%
Magic:  19/19      EV: 15    Int:  6    God:    Trog [******]
Gold:   1845       SH: 29    Dex: 16    Spells: 19/19 levels left

rFire   + + .        f - +9 broad axe (flame)
rCold   + . .        u - +2 tower shield
rNeg    + . .        m - +5 plate armour {rC+}
rPois   +            (helmet restricted)
rElec   .            V - +2 cloak {rPois}
rCorr   .            l - +0 pair of gloves
SInv    +            r - +2 pair of boots
Will    ++...        p - amulet of reflection Stlth
                     U - ring of Detaump {rF+ rN+ Dex+4}
HPRegen 0.53/turn    d - ring of Suspicion {rF+ Will+ SInv}
MPRegen 0.16/turn

%: reflection
@: studying 2 skills
A: horns 2, retaliatory headbutt
}: 2/15 runes: decaying, gossamer
a: Renounce Religion, Berserk, Trog's Hand, Brothers in Arms


You were on level 4 of the Vaults.
You worshipped Trog.
Trog was exalted by your worship.
You visited 6 branches of the dungeon, and saw 34 of its levels.

You collected 4301 gold pieces.
You spent 2456 gold pieces at shops.

Inventory:

Hand Weapons
 a - a +6 antimagic broad axe
 f - a +9 broad axe of flaming (weapon)
Armour
 l - a +0 pair of gloves (worn)
 m - a +5 plate armour of cold resistance (worn)
 r - a +2 pair of boots (worn)
 u - a +2 tower shield (worn)
 V - a +2 cloak of poison resistance (worn)
Jewellery
 b - a ring of the Octopus King {rC+ HP+2 AC+2 EV+2 SH+2}
   (You bought it in a shop on level 2 of the Dungeon)

   [ring of protection from cold]

   AC+2:      It affects your AC (+2).
   EV+2:      It affects your evasion (+2).
   rC+:       It protects you from cold.
   HP+2:      It affects your health (+2).
   SH+2:      It affects your SH (+2).
 d - the ring of Suspicion (right hand) {rF+ Will+ SInv}
   (You bought it in a shop on level 13 of the Dungeon)

   [ring of protection from fire]

   rF+:       It protects you from fire.
   Will+:     It increases your willpower.
   SInv:      It lets you see invisible.
 i - a ring of willpower
 p - an amulet of reflection (around neck)
 q - a ring of resist corrosion
 C - a ring of flight
 U - the ring of Detaump (left hand) {rF+ rN+ Dex+4}
   (You bought it in a shop on level 2 of the Orcish Mines)

   [ring of positive energy]

   Dex+4:     It affects your dexterity (+4).
   rF+:       It protects you from fire.
   rN+:       It protects you from negative energy.
Wands
 g - a wand of polymorph (4)
 n - a wand of charming (28)
 A - a wand of acid (27)
 I - a wand of warping (27)
 K - a wand of mindburst (7)
 L - a wand of flame (17)
Scrolls
 c - 2 scrolls of enchant armour
 j - 7 scrolls of fear
 t - 7 scrolls of fog
 v - 3 scrolls of poison
 x - a scroll of silence
 z - 7 scrolls of revelation
 B - 13 scrolls of identify
 D - 6 scrolls of immolation
 H - 14 scrolls of teleportation
 J - a scroll of enchant weapon
Potions
 e - a potion of might
 h - 15 potions of curing
 k - 5 potions of haste
 o - 12 potions of heal wounds
 s - a potion of lignification
 w - 3 potions of brilliance
 F - 2 potions of resistance
 G - 2 potions of invisibility
 M - 2 potions of enlightenment
 O - a potion of cancellation


   Skills:
 - Level 22.0 Fighting
 - Level 18.3 Axes
 * Level 20.9 Armour
 * Level 17.2 Dodging
 - Level 3.4 Stealth
 - Level 21.0 Shields
 * Level 11.6 Evocations


You had 19 spell levels left.
You didn't know any spells.
Your spell library was empty.

Dungeon Overview and Level Annotations

Branches:
Dungeon (15/15)            Temple (0/1) D:6            Lair (5/5) D:10
  Swamp (4/4) Lair:2       Spider (4/4) Lair:3        Slime (0/5) Lair:5
    Orc (2/2) D:12            Elf (0/3) Orc:2        Vaults (4/5) D:14
  Crypt (0/3) Vaults:2     Depths (0/4) D:15

Altars:
Cheibriados
Dithmenos
Gozag
Hepliaklqana
Makhleb
Okawaru
Ru
Wu Jian
Yredelemnul
Zin
The Shining One
Beogh
Jiyva

Shops:
D:2 [[=(*   D:6 ((((   D:8 *   D:10 (   D:13 =:   Orc:2 ((*:(   Vaults:2 *

Annotations:
Vaults:2 2 transporters, RepHenryClay's ghost, adept GnHW


Innate Abilities, Weirdness & Mutations

You have a pair of horns on your head.
You reflexively headbutt those who attack you in melee.


Message History

You hit the yaktaur captain. You burn the yaktaur captain.
You headbutt the yaktaur captain.
The yaktaur captain is almost dead.
You barely miss the yaktaur captain.
You headbutt the yaktaur captain, but do no damage.
The yaktaur captain is almost dead.
You block the yaktaur captain's attack.
You barely miss the yaktaur captain. You headbutt the yaktaur captain.
You kill the yaktaur captain!
Trog accepts your kill. The ice encasing you melts away.
Electricity crackles from the ironbound thunderhulk's apparatus.
The bolt of lightning hits you!!
A sphinx comes into view.
You slash the ironbound frostheart! You burn the ironbound frostheart.
The ironbound frostheart is moderately wounded.
The great orb of eyes is recalled.
The ironbound frostheart is recalled.
The vault sentinel is recalled.
The ironbound convoker is recalled.
The great orb of eyes is recalled.
The arcanist is recalled.
The ironbound frostheart touches you. The ironbound frostheart freezes you!
You resist.
* * * LOW HITPOINT WARNING * * *
An ironbound convoker comes into view.
It is wielding a +0 dire flail of protection.
A vault sentinel comes into view. It is wielding a +0 long sword.
A great orb of eyes comes into view.
An ironbound frostheart and an arcanist come into view.
You barely miss the ironbound frostheart.
The ironbound frostheart is moderately wounded.
Electricity crackles from the ironbound thunderhulk's apparatus.
The bolt of lightning hits you!!
* * * LOW HITPOINT WARNING * * *
The vault sentinel blows a loud note on a signal horn!
A great orb of eyes comes into view.
As you open the door, it creaks loudly!
Strange energies crackle from the ironbound thunderhulk's apparatus.
The ironbound thunderhulk blinks!
You block the ironbound frostheart's attack.
Electricity crackles from the ironbound thunderhulk's apparatus.
The bolt of lightning hits you!!
You die...

#.......
#...... #.....#
#.....#
######...))#
#....#.....#
##..p.#)))..#
###..Gpp#.....#
....p.pH@.....#
.....G###.....#
....p #.....#
.O.. #.....#
... #.....# ..
#.....# .
#.....# #.....#
#.....#


You could see a sphinx, an ironbound thunderhulk, 2 great orbs of eyes, 2
ironbound frosthearts, a vault sentinel (catching breath), an ironbound convoker
(catching breath) and an arcanist.

Vanquished Creatures
  Mennas (Vaults:2)
  Sojobo (Vaults:3)
  Boris (Vaults:2)
  Jorgrun (Orc:1)
  Mlioglotl (Swamp:2)
  A lich (Vaults:3)
  Asterion (Spider:3)
  3 sphinxes
  2 tengu reavers (Vaults:3)
  A thorn hunter (Swamp:1)
  A deep elf sorcerer (Vaults:3)
  Roxanne (Swamp:2)
  3 emperor scorpions
  Louise (Spider:4)
  11 vault wardens
  10 ghost moths
  2 orc warlords
  3 formless jellyfish
  A ghoul (Swamp:4)
  5 ironbound thunderhulks
  A broodmother (Spider:3)
  A stone giant (Vaults:1)
  5 eleionomae
  A deep elf death mage (Vaults:1)
  15 ironbound preservers
  18 dire elephants
  Azrael (Spider:2)
  5 bunyips
  An ettin (Orc:1)
  Snorg (D:13)
  A spark wasp (Spider:4)
  3 fire dragons (Swamp:4)
  6 yaktaur captains
  6 entropy weavers
  7 great orbs of eyes
  16 vault guards
  12 hydras
  A ghost crab (Swamp:2)
  10 alligators
  2 ogre magi
  4 jorogumos
  A rakshasa (D:15)
  5 two-headed ogres
  A radroach (Spider:2)
  2 death knights (Vaults:2)
  7 ironbound frosthearts
  12 centaur warriors
  4 boulder beetles
  3 death yaks (Lair:3)
  2 tengu warriors (D:15)
  A spectral dire elephant (Lair:5)
  A spriggan berserker (Swamp:3)
  3 orc high priests
  3 demonic crawlers
  Amaemon (Lair:3)
  8 pharaoh ants
  A spectral death yak (Lair:5)
  Lodul (D:13)
  4 goliath frogs
  A skyshark (Lair:2)
  3 spriggan druids
  A spectral anaconda (Lair:5)
  A bog body (Swamp:4)
  47 deep trolls
  11 arcanists
  8 slime creatures
  An obsidian statue (Lair:5)
  2 sun moths
  13 orb spiders
  12 lindwurms
  5 swamp dragons
  6 necromancers
  5 steelbarb worms
  11 ironbound convokers
  4 orc knights
  2 obsidian bats
  3 harpies (Vaults:1)
  12 wolf spiders
  2 deep elf pyromancers (D:12)
  6 orc sorcerers
  2 manticores
  30 ugly things
  7 will-o-the-wisps
  8 elephants (Lair:5)
  4 cyclopes
  9 black mambas
  3 moths of wrath
  6 meliai
  4 kobold blastminers
  A human skeleton (Vaults:2)
  2 molten gargoyles (D:14)
  7 torpor snails
  An orange demon (Lair:3)
  20 cane toads
  A gargoyle (D:12)
  11 vault sentinels
  A dire elephant skeleton (Lair:5)
  2 unseen horrors (D:12)
  A kobold demonologist (D:13)
  7 komodo dragons
  28 yaktaurs
  2 rime drakes
  Jeremiah (D:6)
  A freezing wraith (Vaults:2)
  A human zombie (Vaults:2)
  An efreet (D:14)
  5 trolls
  7 polar bears
  14 tyrant leeches
  19 tarantellas
  5 hornets
  A blink frog (shapeshifter) (D:15)
  15 blink frogs
  28 jumping spiders
  Sigmund (D:3)
  16 culicivoras
  3 spriggans
  2 shadows
  5 basilisks
  4 wraiths
  An elf zombie (Vaults:2)
  A water elemental (D:12)
  76 yaks
  4 wyverns
  3 fire elementals (Spider:2)
  A steam dragon (D:9)
  3 wargs
  66 redbacks
  7 vampire mosquitoes
  A death yak simulacrum (Lair:5)
  4 hell hounds
  2 acid dragons
  11 swamp worms
  8 water moccasins
  Duvessa (D:6)
  12 swamp drakes
  2 laughing skulls (D:15)
  19 orc warriors
  6 black bears
  18 ogres
  An elephant zombie (Lair:5)
  3 wolves (Lair:2)
  9 centaurs
  3 phantoms
  6 kobold brigands
  Blork the orc (D:6)
  7 bullfrogs
  2 gnoll sergeants
  A cane toad simulacrum (Lair:5)
  6 scorpions
  9 wights
  Dowan (D:6)
  An elephant simulacrum (Lair:5)
  20 killer bees
  4 howler monkeys (D:7)
  2 electric eels
  2 jellies
  5 lava snakes (D:14)
  A human simulacrum (Vaults:2)
  3 hounds
  4 bombardier beetles
  26 orc priests
  A gnoll bouda (D:7)
  Jessica (D:3)
  Terence (D:2)
  Ijyb (D:3)
  Natasha (thrice) (D:3)
  3 iguanas
  32 orc wizards
  8 ogre zombies (D:12)
  16 gnolls
  8 adders
  A shadow imp (D:5)
  A white imp (D:5)
  2 ribbon worms (D:2)
  A dart slug (D:2)
  71 orcs
  9 endoplasms
  3 giant cockroaches
  A gnoll zombie (D:12)
  7 goblins
  7 hobgoblins
  37 kobolds
  5 quokkas
  7 ball pythons
  6 bats
  4 frilled lizards
  2 gnoll skeletons (D:12)
  6 orc skeletons (D:12)
  16 orc zombies (D:12)
  6 rats
  A spectral weapon (Spider:3)
1300 creatures vanquished.

Vanquished Creatures (collateral kills)
  Bai Suzhen (Swamp:2)
  Arachne (Spider:4)
  Frances (Spider:1)
  An orc warlord (Vaults:2)
  A yaktaur captain (Vaults:2)
  A radroach (Spider:3)
  A boulder beetle (Vaults:1)
  3 deep trolls
  An ironbound convoker (Vaults:2)
  A torpor snail (Spider:4)
  5 yaktaurs
  A tarantella (Spider:4)
  A culicivora (Spider:4)
19 creatures vanquished.

Vanquished Creatures (others)
  Aizul (Spider:2)
  A swamp dragon (Swamp:4)
  2 bloated husks
  A swamp worm (Swamp:1)
  A swamp drake (Swamp:4)
  An orc priest (Orc:2)
  3 orc wizards
  59 foxfires
69 creatures vanquished.

Grand Total: 1388 creatures vanquished

Notes
Turn   | Place    | Note
-------+----------+-------------------------------------------
     0 | D:1      | Doorstop00 the Minotaur Berserker began the quest for the
                  | Orb.
     0 | D:1      | Reached XP level 1. HP: 19/19 MP: 0/0
   201 | D:1      | Reached XP level 2. HP: 27/27 MP: 1/1
   203 | D:1      | Reached skill level 4 in Fighting
   821 | D:2      | Reached XP level 3. HP: 28/33 MP: 2/2
   841 | D:2      | Found Pem Efe's Weapon Shoppe.
   850 | D:2      | Found a faded altar of an unknown god.
   865 | D:2      | Reached ** piety under Trog
   882 | D:2      | Found Kocyimad's Jewellery Boutique.
   903 | D:2      | Noticed Terence
   912 | D:2      | Killed Terence
   999 | D:2      | Reached skill level 5 in Axes
  1058 | D:2      | Reached XP level 4. HP: 41/41 MP: 3/3
  1163 | D:2      | Found Hedutuaff's General Store.
  1168 | D:2      | Bought a scroll of identify for 24 gold pieces
  1168 | D:2      | Bought a potion of curing for 36 gold pieces
  1295 | D:2      | Found Iteorcha's Antique Armour Shoppe.
  1441 | D:2      | Found Jetzisoqao's Antique Armour Shop.
  1816 | D:3      | Noticed Natasha
  1827 | D:3      | Killed Natasha
  1828 | D:3      | Reached XP level 5. HP: 47/47 MP: 4/4
  1881 | D:3      | Noticed Jessica
  1886 | D:3      | Killed Jessica
  2009 | D:3      | Noticed Sigmund
  2022 | D:3      | Killed Sigmund
  2023 | D:3      | Reached skill level 5 in Fighting
  2023 | D:3      | Reached XP level 6. HP: 56/56 MP: 5/5
  2207 | D:3      | Noticed Natasha
  2211 | D:3      | Killed Natasha
  2221 | D:3      | Noticed Ijyb
  2235 | D:3      | Killed Ijyb
  2412 | D:3      | Noticed Natasha
  2421 | D:3      | Killed Natasha
  2706 | D:4      | Reached XP level 7. HP: 59/61 MP: 6/6
  2828 | D:4      | Found a glowing golden altar of the Shining One.
  2828 | D:4      | Found a hazy altar of Hepliaklqana.
  2839 | D:4      | You fall into a shaft and drop 3 floors!
  2957 | D:7      | Reached *** piety under Trog
  3208 | D:7      | Reached skill level 6 in Fighting
  3245 | D:7      | Reached skill level 5 in Armour
  3440 | D:6      | Reached skill level 1 in Shields
  3450 | D:6      | Found a staircase to the Ecumenical Temple.
  3479 | D:6      | Reached XP level 8. HP: 56/70 MP: 7/7
  3530 | D:6      | Noticed Jeremiah
  3615 | D:6      | Noticed Blork the orc
  3624 | D:6      | Killed Blork the orc
  3684 | D:6      | Found a glowing silver altar of Zin.
  3763 | D:6      | Noticed Dowan
  3765 | D:6      | Noticed Duvessa
  3778 | D:6      | Killed Dowan
  3787 | D:6      | Killed Duvessa
  3788 | D:6      | Reached skill level 10 in Axes
  4032 | D:5      | Entered Level 5 of the Dungeon
  4068 | D:5      | Noticed a two-headed ogre
  4087 | D:6      | Reached skill level 7 in Fighting
  4098 | D:5      | Killed a two-headed ogre
  4099 | D:5      | Reached XP level 9. HP: 31/79 MP: 8/8
  4788 | D:5      | Found a basalt altar of Yredelemnul.
  4822 | D:4      | Reached **** piety under Trog
  4962 | D:4      | Found an ornate altar of the Wu Jian Council.
  5097 | D:4      | Identified the +5 ring mail of Lilacs {Dex+5}
  5842 | D:6      | Reached skill level 5 in Dodging
  5856 | D:6      | Reached skill level 1 in Evocations
  5995 | D:5      | Reached skill level 8 in Fighting
  6333 | D:6      | Killed Jeremiah
  6334 | D:6      | Reached XP level 10. HP: 44/80 MP: 9/9
  6755 | D:6      | Found Mefoin's Weapon Emporium.
  6759 | D:6      | Found Ymiskeb's Weapon Emporium.
  6760 | D:6      | Found Reyse's Antique Weapon Emporium.
  6761 | D:6      | Found Jisaa's Antique Weapon Emporium.
  6797 | D:6      | Bought a glowing war axe for 117 gold pieces
  7476 | D:8      | Found an opulent altar of Gozag.
  7660 | D:8      | Found Lompytul's Fire Supplies.
  7705 | D:8      | Bought a ring of protection from fire for 250 gold pieces
  7788 | D:8      | Found a burning altar of Makhleb.
  7860 | D:8      | Reached ***** piety under Trog
  7872 | D:8      | Reached skill level 5 in Shields
  7981 | D:8      | Found a shadowy altar of Dithmenos.
  8383 | D:9      | Reached skill level 9 in Fighting
  8399 | D:9      | Found a sacrificial altar of Ru.
  8548 | D:9      | Reached XP level 11. HP: 97/97 MP: 10/10
  8816 | D:9      | Identified the +6 executioner's axe of the Reaper {flame,
                  | rElec rN+ Str-4} (Trog gifted it to you on level 9 of the
                  | Dungeon)
  8816 | D:9      | Received a gift from Trog
  9120 | D:10     | Entered Level 10 of the Dungeon
  9143 | D:10     | Noticed a two-headed ogre
  9156 | D:10     | Killed a two-headed ogre
  9190 | D:10     | Identified the +1 robe of the Storm King {Str+2 Dex+2
                  | Stlth+}
  9196 | D:10     | Found Ofuopas's Antique Weapon Boutique.
  9494 | D:10     | Found an iron altar of Okawaru.
  9508 | D:10     | Reached skill level 10 in Fighting
  9525 | D:10     | Found a roughly hewn altar of Beogh.
  9723 | D:10     | Received a gift from Trog
  9723 | D:10     | Found the +16 obsidian axe {drain, demonic, Mesm ^Drain Fly
                  | SInv}
  9913 | D:10     | Found a staircase to the Lair.
 10096 | D:10     | Noticed a two-headed ogre
 10102 | D:10     | Killed a two-headed ogre
 10279 | D:10     | Found a snail-covered altar of Cheibriados.
 10344 | Lair:1   | Entered Level 1 of the Lair of Beasts
 10375 | Lair:1   | Reached XP level 12. HP: 85/86 MP: 11/11
 10384 | Lair:1   | Reached skill level 15 in Axes
 10999 | Lair:1   | Reached skill level 11 in Fighting
 11393 | Lair:2   | Reached skill level 10 in Armour
 11453 | Lair:2   | Identified the +6 trident of Equilibrium {flame, rN++
                  | rCorr}
 11614 | Lair:2   | Reached skill level 5 in Evocations
 12041 | Lair:2   | Reached skill level 10 in Shields
 12133 | Lair:2   | Found a staircase to the Swamp.
 12637 | Lair:3   | Noticed a boulder beetle
 12669 | Lair:3   | Identified the +7 war axe of the Eggplant {freeze, Dex+2}
 12682 | Lair:3   | Killed a boulder beetle
 12715 | Lair:3   | Reached XP level 13. HP: 106/116 MP: 12/12
 12715 | Lair:3   | Received a gift from Trog
 13003 | Lair:3   | Found a hole to the Spider Nest.
 13159 | Lair:3   | Noticed Amaemon
 13177 | Lair:3   | Killed Amaemon
 13975 | Lair:4   | Reached skill level 12 in Fighting
 13978 | Lair:4   | Reached skill level 1 in Stealth
 14564 | Lair:5   | Entered Level 5 of the Lair of Beasts
 15138 | Lair:5   | Found a staircase to the Slime Pits.
 15138 | Lair:5   | Found a viscous altar of Jiyva.
 15201 | Lair:5   | Identified the +3 ring mail "Vuguproa" {rElec Int+2 Dex+3
                  | Slay+5}
 15414 | Lair:5   | Noticed a dire elephant
 15414 | Lair:5   | Noticed a dire elephant
 15414 | Lair:5   | Noticed a dire elephant
 15414 | Lair:5   | Noticed a dire elephant
 15420 | Lair:5   | Noticed a dire elephant
 15423 | Lair:5   | Noticed a dire elephant
 15436 | Lair:5   | Killed a dire elephant
 15443 | Lair:5   | Killed a dire elephant
 15925 | Lair:5   | Reached XP level 14. HP: 120/123 MP: 13/13
 16346 | Lair:5   | Reached skill level 13 in Fighting
 16997 | D:2      | Bought a ring of the Octopus King {rC+ HP+2 AC+2 EV+2 SH+2}
                  | for 614 gold pieces
 16997 | D:2      | Found the ring of the Octopus King {rC+ HP+2 AC+2 EV+2
                  | SH+2}
 17201 | D:11     | Identified a scroll of acquirement
 17202 | D:11     | Acquired a manual of Shields
 18292 | D:12     | Found a staircase to the Orcish Mines.
 18310 | D:12     | Received a gift from Trog
 18406 | D:12     | Reached ****** piety under Trog
 18972 | Orc:1    | Entered Level 1 of the Orcish Mines
 19840 | Orc:2    | Entered Level 2 of the Orcish Mines
 19973 | Orc:2    | Reached skill level 15 in Shields
 19978 | Orc:2    | Noticed Jorgrun
 20101 | Orc:1    | Received a gift from Trog
 20111 | Orc:1    | Killed Jorgrun
 20953 | Orc:2    | Found Vomitacla's Antique Weapon Boutique.
 21087 | Orc:2    | Identified the +5 executioner's axe "Poschim" {flame,
                  | ^Fragile rElec rN++ Dex+4} (Trog gifted it to you on level
                  | 2 of the Orcish Mines)
 21087 | Orc:2    | Received a gift from Trog
 21174 | Orc:2    | Found a staircase to the Elven Halls.
 21383 | Orc:2    | Found Kaim's Weapon Boutique.
 21383 | Orc:2    | Found Egulick's General Store.
 21389 | Orc:2    | Found Lepet's Book Boutique.
 21389 | Orc:2    | Found Tupoupie's Antique Weapon Shop.
 21457 | Orc:2    | Bought the ring of Detaump {rF+ rN+ Dex+4} for 593 gold
                  | pieces
 21457 | Orc:2    | Bought a +0 cloak of poison resistance for 119 gold pieces
 21479 | Orc:2    | Bought a scroll of identify for 28 gold pieces
 22091 | D:13     | Noticed Snorg
 22102 | D:13     | Killed Snorg
 22103 | D:13     | Reached XP level 15. HP: 111/137 MP: 14/14
 22158 | D:13     | Found Ruisit's Jewellery Shoppe.
 22213 | D:13     | Found Fealofue's Book Emporium.
 22226 | D:13     | Noticed Lodul
 22331 | D:13     | Reached skill level 14 in Fighting
 22340 | D:13     | Killed Lodul
 22761 | D:14     | Identified the +3 dagger "Ipij" {freeze, rF+ Dex+2}
 22852 | D:14     | Found a gate to the Vaults.
 23096 | D:14     | Identified the amulet of Burox {Acrobat rC- rN+ Str+2
                  | Int+7}
 23250 | D:15     | Entered Level 15 of the Dungeon
 23792 | D:15     | Found a staircase to the Depths.
 23887 | D:15     | Received a gift from Trog
 23965 | D:15     | Reached skill level 10 in Dodging
 24044 | D:15     | Acquired a manual of Armour
 24164 | D:15     | Identified the +5 war axe "Hiasaw" {heavy, *Slow rC+ Dex+2}
 24428 | Swamp:1  | Entered Level 1 of the Swamp
 24428 | Swamp:1  | Noticed a thorn hunter
 24437 | Swamp:1  | Killed a thorn hunter
 24763 | Swamp:1  | Reached skill level 15 in Fighting
 25798 | Swamp:2  | Noticed Roxanne
 25826 | Swamp:2  | Killed Roxanne
 26160 | Swamp:2  | Reached XP level 16. HP: 44/149 MP: 15/15
 26423 | Swamp:2  | Received a gift from Trog
 26941 | Swamp:3  | Noticed Bai Suzhen
 27197 | Swamp:3  | Noticed Mlioglotl
 27206 | Swamp:2  | Killed Bai Suzhen
 27273 | Swamp:2  | Killed Mlioglotl
 27803 | Swamp:4  | Entered Level 4 of the Swamp
 28466 | Swamp:4  | Reached skill level 16 in Fighting
 28602 | Swamp:4  | Received a gift from Trog
 29505 | Swamp:4  | Got a decaying rune of Zot
 29904 | D:13     | Bought the ring of Suspicion {rF+ Will+ SInv} for 627 gold
                  | pieces
 30416 | Spider:1 | Entered Level 1 of the Spider Nest
 30564 | Spider:1 | Noticed Frances
 30574 | Spider:1 | Killed Frances
 31099 | Spider:1 | Received a gift from Trog
 31402 | Spider:2 | Reached XP level 17. HP: 160/160 MP: 16/16
 31490 | Spider:2 | Identified the serpent talisman of Bylerrukk {rCorr}
 31490 | Spider:2 | Noticed Aizul
 31493 | Spider:2 | Reached skill level 17 in Fighting
 31506 | Spider:2 | Killed Aizul
 31668 | Spider:2 | Reached skill level 15 in Armour
 33502 | Spider:3 | Noticed Azrael
 33525 | Spider:2 | Received a gift from Trog
 33551 | Spider:2 | Killed Azrael
 33655 | Spider:3 | Upgraded the game from 0.32-a0-791-gfc315c9ecd to
                  | 0.32-a0-886-g41c5271027
 33948 | Spider:3 | Reached skill level 18 in Fighting
 34342 | Spider:4 | Entered Level 4 of the Spider Nest
 34342 | Spider:4 | Noticed Asterion
 34728 | Spider:3 | Killed Asterion
 35716 | Spider:4 | Received a gift from Trog
 35744 | Spider:4 | Noticed Arachne
 35757 | Spider:4 | Killed Arachne
 35758 | Spider:4 | Reached skill level 19 in Fighting
 36001 | Spider:4 | Reached XP level 18. HP: 176/176 MP: 17/17
 36040 | Spider:4 | Noticed Louise
 36055 | Spider:4 | Killed Louise
 36252 | Spider:4 | Got a gossamer rune of Zot
 36809 | Vaults:1 | Entered Level 1 of the Vaults
 36810 | Vaults:1 | Upgraded the game from 0.32-a0-886-g41c5271027 to
                  | 0.32-a0-893-gf85d74f360
 37360 | Vaults:1 | Reached skill level 20 in Fighting
 37874 | Vaults:1 | Received a gift from Trog
 37930 | Vaults:1 | Reached skill level 10 in Evocations
 38190 | Vaults:1 | Reached skill level 21 in Fighting
 39061 | Vaults:1 | Received a gift from Trog
 39532 | Vaults:2 | Paralysed by a formless jellyfish for 1 turns
 39757 | Vaults:2 | Reached XP level 19. HP: 155/191 MP: 18/18
 39761 | Vaults:2 | Identified the ring of Benevolence {rN+ Slay+3}
 39777 | Vaults:2 | Reached skill level 22 in Fighting
 40268 | Vaults:2 | Found Rolup's General Store.
 40329 | Vaults:2 | Bought a potion of might for 48 gold pieces
 40546 | Vaults:2 | Received a gift from Trog
 40677 | Vaults:2 | Noticed Mennas
 40698 | Vaults:2 | Killed Mennas
 40699 | Vaults:2 | Reached skill level 15 in Dodging
 41450 | Vaults:2 | Found a transporter.
 41452 | Vaults:2 | Noticed RepHenryClay's ghost (adept GnHW)
 41470 | Vaults:2 | Found a transporter.
 41488 | Vaults:2 | Identified the +4 robe of Ucruthreo {rC+ Str+4 Int-3 Dex+2}
 41488 | Vaults:2 | Noticed Boris
 41507 | Vaults:2 | Killed Boris
 42078 | Vaults:2 | Found a staircase to the Crypt.
 42623 | Vaults:3 | Noticed Sojobo
 42649 | Vaults:3 | Paralysed by an air elemental for 1 turns
 42654 | Vaults:3 | Paralysed by an air elemental for 1 turns
 42657 | Vaults:3 | Killed Sojobo
 42657 | Vaults:3 | Received a gift from Trog
 43129 | Vaults:3 | Identified the +8 morningstar of Popular Demand {pain,
                  | *Rage rElec Int+3 Stlth+}
 44139 | Vaults:3 | Reached XP level 20. HP: 194/200 MP: 19/19
 44158 | Vaults:3 | Received a gift from Trog
 45490 | Vaults:4 | Killed from afar by an ironbound thunderhulk

Illustrated notes

Levels and vault maps discovered:
D:1:      scummos_arrival_star, layout_loops_cross
D:2:      layout_loops_ring, nicolae_ecumenical_lake_church, serial_shops,
          nicolae_square_shop, shop, nicolae_square_shop,
          nicolae_shop_behind_doors, shop, minivault_11, minmay_close_crescents,
          uniq_terence
D:3:      layout_loops_ring, chequers_decorated_corner, dk_noncrumbling_2,
          minivault_23, uniq_ijyb, uniq_natasha, uniq_jessica, uniq_sigmund
D:4:      layout_basic, nicolae_wu_jian_immortal_techniques,
          nicolae_overflow_squiral, kennysheep_small_spiral
D:5:      layout_layer_cave, yredelemnul_altar_generic
D:6:      layout_basic, mainiacjoe_overflow_surrounded_room,
          minmay_temple_entry_arrows, minmay_shop_grid_forest,
          corexii_item_surrounded_by_moat, nicolae_grassy_gnolls, uniq_duvessa,
          uniq_blork_the_orc, uniq_jeremiah
D:7:      layout_gridville
D:8:      layout_loops_ring, mainiacjoe_overflow_cross_hatched,
          mainiacjoe_overflow_tiny_flanked, bloody_makhleb,
          nicolae_shop_fire_sale [nicolae_sub_dead_trees]
D:9:      layout_stronghold, nicolae_ru_awakened_eye
D:10:     layout_roguey [special_room_orc], mainiacjoe_overflow_swirl,
          dpeg_oklobed_lair, serial_corexii_hall, corexii_hall_statues_i,
          corexii_hall_statues_x, serial_shops, shop
D:11:     layout_cave_pools, nicolae_twisting_strands
D:12:     layout_roguey, zombieorc2_lemuel, serial_bayou_lagoon_a,
          chequers_avenue, dk_noncrumbling_3
D:13:     layout_basic, serial_shops, shop, nicolae_inconvenience_store,
          lemuel_another_geyser, uniq_lodul, uniq_snorg
D:14:     cheibrodos_magma_flow, layout_cross, hellmonk_vaults_order_and_chaos,
          corexii_leaking_fountain
D:15:     gammafunk_enter_depths_forms, layout_basic, grunt_ministairs_15
Lair:1:   beast_lair_carwin_large_3, layout_hall_layers, minivault_26
Lair:2:   layout_regular_city, swamp_mist, hibernation_bobbens
Lair:3:   layout_hall_layers, nicolae_spider_entry_orb_guardian, minmay_holes,
          uniq_amaemon
Lair:4:   layout_gridlike, minivault_26
Lair:5:   due_jungle_book, layout_regular_city, slime_entry_1,
          nicolae_quartered_pool_medium
Swamp:1:  layout_basic_swamp, nicolae_swamp_ascending_descending_big,
          swamp_pool_5, nicolae_swamp_trees_clearing, hangedman_swamp_grove
Swamp:2:  layout_falls_marsh, nicolae_swamp_ascending_descending,
          nicolae_swamp_tree_isthmus, uniq_roxanne
Swamp:3:  layout_falls_marsh, nicolae_swamp_well_well_well, swamp_pool_1_2,
          uniq_mlioglotl, uniq_bai_suzhen
Swamp:4:  swamp_fiery, layout_basic_swamp
Spider:1: layout_spider_delve, nicolae_spider_moth_buddies, uniq_frances
Spider:2: layout_chambers, uniq_aizul
Spider:3: nicolae_spider_hilbert_zone_4 [nicolae_spider_hilbert_4_sides_2_open,
          nicolae_spider_hilbert_4_sides_1_open,
          nicolae_spider_hilbert_4_sides_1_open,
          nicolae_spider_hilbert_4_sides_1_open,
          nicolae_spider_hilbert_4_sides_1_open,
          nicolae_spider_hilbert_2_sides_1_open,
          nicolae_spider_hilbert_2_sides_1_open,
          nicolae_spider_hilbert_2_sides_1_open,
          nicolae_spider_hilbert_2_sides_1_open,
          nicolae_spider_hilbert_6_sides_1_open,
          nicolae_spider_hilbert_6_sides_1_open,
          nicolae_spider_hilbert_3_sides_1_open,
          nicolae_spider_hilbert_3_sides_1_open], nicolae_spider_circle_web,
          uniq_azrael
Spider:4: johnstein_spider_rune_arachne_lair, uniq_louise, uniq_asterion
Orc:1:    layout_diamond_mine, regret_index_minedec_guest_junction
Orc:2:    st_orc_mages, layout_caves, serial_shops, shop, uniq_jorgrun
Vaults:1: nicolae_vaults_heist, nicolae_vaults_trapezoid_lopsided_1,
          hangedman_vaults_stream, st_spiral_rooms,
          nicolae_vaults_trapezoid_lopsided_3, v_pattern_3, grunt_vaults_funnel,
          nicolae_vaults_house_2, layout_vaults_omnigrid
Vaults:2: gammafunk_ghost_arena, blue_anna_dwarven_crypt, vaults_dpeg_doors,
          nicolae_vaults_storage_closets_3, vaults_room_guarded_vault,
          nicolae_vaults_sealed_display, vaults_room_pool,
          nicolae_vaults_hexular_roomagon, layout_vaults_big_room, serial_shops,
          shop, uniq_boris, uniq_mennas
Vaults:3: vaults_mumra_chevron_long, hangedman_vaults_stretched_pinwheel,
          v_misc_5, nicolae_vaults_tetromino_L_1, nicolae_vaults_library_corner,
          grunt_vaults_bifocal, hangedman_vaults_impose, v_alt_pattern_4,
          layout_vaults_omnicross, uniq_sojobo
Vaults:4: gammafunk_ghost_necromancy, v_pattern_1, nicolae_vaults_six-pack,
          nicolae_vaults_network_square, hangedman_vaults_unwind, v_misc_2,
          nicolae_vaults_puzzle_piece, nicolae_vaults_shock_wave,
          vaults_room_semicircle, layout_vaults_ring

Skill      XL: |  1  2  3  4  5  6  7  8  9 10 11 12 13 14 15 16 17 18 19 20 |
---------------+-------------------------------------------------------------+-----
Fighting       | 4 5 6 7 8 9 10 11 12 13 15 16 19 21 22 | 22.0
Axes           | 4 5 6 7 8 10 12 13 14 16 17 18 | 18.3
Armour         | 3 4 5 6 8 9 10 11 12 13 14 16 17 20 | 20.9
Dodging        | 3 4 5 6 7 8 9 10 11 13 14 16 17 | 17.2
Shields        | 1 2 3 6 8 10 12 16 19 21 | 21.0
Evocations     | 1 3 4 5 6 7 8 9 10 11 | 11.6
Stealth        | 1 2 3 |  3.4

Action                     |  1- 3 |  4- 6 |  7- 9 | 10-12 | 13-15 | 16-18 | 19-21 || total
---------------------------+-------+-------+-------+-------+-------+-------+-------++-------
  Melee: Hand axe          |    77 |   118 |   340 |    16 |       |       |       ||   551
         Headbutt          |    10 |    23 |    84 |   154 |   304 |   322 |   132 ||  1029
         War axe           |       |       |       |   628 |  1117 |   282 |       ||  2027
         Broad axe         |       |       |       |     6 |       |   931 |   428 ||  1365
 Invoke: Berserk           |     1 |     4 |     5 |       |     1 |       |       ||    11
         Trog's Hand       |       |     1 |       |       |     2 |     2 |       ||     5
         Brothers in Arms  |       |       |       |       |       |     7 |     4 ||    11
  Evoke: Wand              |       |       |       |       |       |       |     4 ||     4
    Use: Scroll            |     2 |     3 |     4 |    12 |    14 |    12 |     4 ||    51
         Potion            |       |       |       |       |       |     1 |     2 ||     3
   Stab: Distracted        |       |       |       |       |     2 |     3 |       ||     5
 Armour: Animal skin       |     4 |       |       |       |       |       |       ||     4
         Chain mail        |    47 |    64 |   123 |       |   101 |   299 |       ||   634
         Ring mail         |       |       |    39 |   165 |   136 |   186 |     2 ||   528
         Plate armour      |       |       |       |       |       |       |   239 ||   239
  Dodge: Dodged            |    46 |    57 |    88 |   135 |   137 |   298 |    96 ||   857
  Block: Other             |       |     3 |    39 |       |       |       |       ||    42
         Reflection        |       |       |     2 |    21 |    58 |    44 |    30 ||   155
         Buckler           |       |       |    23 |       |       |       |       ||    23
         Kite shield       |       |       |    21 |   363 |       |       |       ||   384
         Tower shield      |       |       |       |   141 |   990 |  1744 |   585 ||  3460

Table legend: (Time is in decaauts)
 A = Elapsed time spent in this place.
 B = Non-inter-level travel time spent in this place.
 C = Inter-level travel time spent in this place.
 D = Time resting spent in this place.
 E = Time spent auto-exploring this place.
 F = Levels seen in this place.
 G = Mean time per level.
                   A        B        C        D        E       F      G
               +--------+--------+--------+--------+--------+-----+--------+
         Total |  45405 |  40091 |   5314 |   9100 |   8131 |  34 | 1335.4 |
       Dungeon |  16116 |  13993 |   2123 |   1860 |   6027 |  15 | 1074.4 |
          Lair |   8026 |   6661 |   1365 |    982 |   1071 |   5 | 1605.2 |
         Swamp |   5504 |   4961 |    543 |   2395 |    202 |   4 | 1376.0 |
   Spider Nest |   5998 |   5446 |    552 |   1815 |    383 |   4 | 1499.5 |
  Orcish Mines |   2617 |   2370 |    247 |    600 |    271 |   2 | 1308.5 |
        Vaults |   7143 |   6662 |    481 |   1447 |    176 |   4 | 1785.8 |
               +--------+--------+--------+--------+--------+-----+--------+

Top non-repeatable levels by time:
Vaults:1: 2408 daAuts
Vaults:3: 2327 daAuts
  Lair:2: 2249 daAuts
  Lair:5: 2161 daAuts
Vaults:2: 2104 daAuts
Spider:2: 1933 daAuts
Spider:3: 1852 daAuts
 Swamp:2: 1730 daAuts
     D:6: 1572 daAuts
  Lair:1: 1514 daAuts
     D:5: 1478 daAuts
    D:10: 1471 daAuts
 Swamp:3: 1437 daAuts
   Orc:1: 1411 daAuts
    D:12: 1357 daAuts
